AoeStats
← Chris

Black Forest

508139143Analyzed
4v4 RM · 11d ago on Sep 21, 2026· 53m 51s· 8 players
Game mode
Random Map
Map size
Large (8 player)
Population
200
Speed
Normal
Resources
Standard
Victory
Conquest
Starting age
Dark Age
Ending age
Imperial Age
RankedLock teamsTeams togetherTeam positionsShared explorationLock speedFull tech treeHidden civsTurbo modeCheats
Victory
Defeat
🇺🇸 Franks · United States
1379
+14
🇩🇪 Mongols · Germany
1343
+16
🇺🇸 Saracens · United States
1341
+16
🇨🇱 Maya · Chile
1330
+17
🇦🇷 Khmer · Argentina
1390
-18
🇦🇷 Burgundians · Argentina
1377
-17
🇨🇱 Saracens · Chile
1327
-15
🇨🇴 Byzantines · Colombia
1281
-13
Chris
4:44 Loom
14:16 Feudal Age
14:57 Double-Bit Axe
16:40 Fletching
16:45 Horse Collar
17:18 Padded Archer Armor
18:58 Gold Mining
22:07 Wheelbarrow
25:01 Castle Age
23:55 Fishing Lines
26:35 Heavy Plow
26:47 Bow Saw
30:36 Caravan
32:00 Scale Barding Armor
32:05 Forging
31:48 Town Watch
32:19 Hand Cart
33:54 Gillnets
34:29 Light Cavalry
35:20 Bloodlines
37:02 Murder Holes
37:18 Masonry
37:35 Bodkin Arrow
38:00 Chain Barding Armor
38:52 Fortified Wall
43:11 Imperial Age
41:01 Leather Archer Armor
42:00 Husbandry
42:37 Iron Casting
42:03 Scale Mail Armor
44:05 Bimaristan
44:14 Counterweights
44:25 Conscription
43:26 Hussar
44:51 Plate Barding Armor
45:16 Blast Furnace
43:55 Elite Mameluke
45:50 Two-Man Saw
46:34 Bracer
48:16 Hussar
Banon
11:47 Feudal Age
15:46 Castle Age
14:12 Double-Bit Axe
17:13 Bow Saw
21:13 Loom
22:11 Wheelbarrow
24:58 Stone Mining
24:58 Gold Mining
28:43 Imperial Age
26:59 Scale Barding Armor
27:05 Forging
27:29 Caravan
28:15 Chain Barding Armor
27:59 Husbandry
28:27 Hand Cart
29:08 Iron Casting
29:15 Gold Shaft Mining
29:17 Town Watch
29:03 Cavalier
30:20 Plate Barding Armor
30:58 Chemistry
30:30 Paladin
32:56 Blast Furnace
33:35 Town Patrol
37:16 Masonry
40:11 Scale Mail Armor
41:18 Chain Mail Armor
40:34 Pikeman
41:15 Squires
41:17 Halberdier
43:38 Plate Mail Armor
44:17 Siege Engineers
软脚虾3号
11:06 Feudal Age
12:01 Double-Bit Axe
14:53 Castle Age
12:41 Horse Collar
15:59 Bow Saw
16:34 Heavy Plow
21:25 Wheelbarrow
22:54 Stone Mining
23:23 Gold Mining
28:07 Imperial Age
25:24 Loom
26:21 Ballistics
26:34 Hand Cart
26:06 Town Watch
26:43 Fletching
26:53 Padded Archer Armor
27:30 Gold Shaft Mining
27:40 Stone Shaft Mining
28:42 Bodkin Arrow
29:02 Leather Archer Armor
30:06 Chemistry
30:06 Conscription
29:52 Bracer
30:07 Bloodlines
29:57 Husbandry
29:58 Onager
31:12 Parthian Tactics
31:06 Caravan
31:37 Drill
31:25 Thumb Ring
31:58 Siege Engineers
32:37 Elite Mangudai
33:53 Masonry
34:45 Hoardings
37:22 Herbal Medicine
36:55 Siege Onager
38:31 Capped Ram
42:43 Siege Ram
LEÑA
0:27 Loom
12:40 Feudal Age
13:13 Double-Bit Axe
13:10 Horse Collar
20:17 Castle Age
20:07 Fishing Lines
21:19 Bow Saw
21:09 Heavy Plow
22:48 Gillnets
24:00 Wheelbarrow
31:53 Imperial Age
29:04 Crossbowman
29:36 Fletching
30:24 Gold Mining
31:23 Hand Cart
33:04 Conscription
32:42 Bodkin Arrow
32:26 Arbalester
34:09 Chemistry
32:34 Elite Skirmisher
32:37 Pikeman
33:18 Squires
33:06 Capped Ram
34:53 Thumb Ring
35:40 Halberdier
35:43 Siege Ram
36:56 Bracer
36:56 Padded Archer Armor
36:57 Scale Mail Armor
37:08 Forging
41:26 Chain Mail Armor
41:47 Iron Casting
43:30 Caravan
43:29 Elite Skirmisher
45:41 Ballistics
45:31 Fortified Wall
47:05 Plate Mail Armor
47:36 Blast Furnace
47:07 Eagle Warrior
49:41 Elite Eagle Warrior
51:53 Leather Archer Armor
ederps24
0:30 Loom
15:14 Feudal Age
16:56 Double-Bit Axe
18:50 Horse Collar
25:18 Castle Age
24:08 Gold Mining
24:57 Wheelbarrow
24:19 Stone Mining
28:07 Heavy Plow
30:16 Bow Saw
30:31 Fortified Wall
34:39 Imperial Age
33:58 Squires
35:07 Caravan
36:36 Pikeman
37:14 Halberdier
39:33 Scale Mail Armor
39:43 Forging
41:53 Conscription
41:02 Onager
42:44 Iron Casting
42:25 Chain Mail Armor
42:45 Ballistics
44:11 Arson
46:21 Chemistry
46:03 Plate Mail Armor
45:23 Fletching
45:31 Gambesons
47:18 Gambesons
48:28 Bombard Tower
48:21 Bodkin Arrow
48:26 Padded Archer Armor
48:34 Scale Barding Armor
50:26 Bracer
50:41 Leather Archer Armor
ValkriaN
5:18 Loom
5:58 Double-Bit Axe
8:21 Horse Collar
12:39 Feudal Age
16:39 Castle Age
15:27 Bow Saw
15:20 Heavy Plow
18:24 Wheelbarrow
19:28 Two-Man Saw
18:33 Gold Mining
21:24 Scale Barding Armor
23:08 Stone Mining
24:47 Hand Cart
29:47 Imperial Age
27:37 Treadmill Crane
28:09 Forging
28:20 Chain Barding Armor
28:55 Burgundian Vineyards
29:34 Caravan
29:27 Town Watch
30:20 Iron Casting
29:48 Husbandry
29:11 Cavalier
31:25 Plate Barding Armor
32:09 Blast Furnace
32:43 Chemistry
32:58 Two-Man Saw
32:47 Gold Shaft Mining
32:53 Conscription
32:27 Paladin
34:39 Town Patrol
37:38 Light Cavalry
38:59 Crop Rotation
38:56 Fortified Wall
39:07 Bombard Tower
38:33 Arrowslits
39:00 Masonry
39:08 Hussar
39:45 Elite Coustillier
40:30 Scale Mail Armor
43:16 Chain Mail Armor
43:03 Squires
42:50 Arson
44:06 Architecture
43:57 Ballistics
EZZE
4:15 Loom
13:38 Feudal Age
18:46 Castle Age
16:54 Double-Bit Axe
18:28 Padded Archer Armor
18:44 Fletching
27:00 Bow Saw
26:38 Elite Skirmisher
28:34 Gold Mining
28:27 Horse Collar
32:29 Wheelbarrow
32:49 Caravan
32:58 Town Watch
35:11 Thumb Ring
34:26 Crossbowman
36:06 Heavy Plow
36:20 Bodkin Arrow
37:47 Gold Shaft Mining
37:49 Leather Archer Armor
41:10 Imperial Age
39:22 Stone Mining
40:06 Forging
40:03 Scale Barding Armor
41:07 Hand Cart
41:56 Iron Casting
41:17 Elite Mameluke
43:48 Chemistry
43:09 Ballistics
43:56 Conscription
44:12 Ring Archer Armor
43:42 Bracer
45:27 Two-Man Saw
49:49 Onager
ReBeL_persi
5:37 Loom
12:03 Feudal Age
15:41 Castle Age
13:51 Horse Collar
14:38 Double-Bit Axe
16:52 Bow Saw
22:49 Wheelbarrow
24:10 Gold Mining
24:18 Stone Mining
25:53 Gold Shaft Mining
26:17 Hand Cart
26:46 Stone Shaft Mining
31:34 Imperial Age
30:28 Heavy Plow
30:53 Ballistics
32:49 Coinage
32:19 Caravan
33:26 Chemistry
32:29 Double Crossbow
32:50 Conscription
32:53 Light Cavalry
33:44 Bloodlines
33:35 Husbandry
33:42 Scale Barding Armor
33:48 Forging
33:16 Heavy Scorpion
34:38 Siege Engineers
34:01 Hussar
34:29 Elite Battle Elephant
35:31 Chain Barding Armor
35:13 Tusk Swords
36:13 Iron Casting
37:29 Plate Barding Armor
41:51 Blast Furnace
42:51 Banking
Connection lost

Rejoining the realm…

Still unreachable

The connection could not be restored.

Session expired

The server has moved on; the page needs a fresh start.